 Dungeon Crawl Stone Soup version 0.31-a0-963-ga325b2283a (webtiles) character file.

Game seed: 17034317642424820142

10 Gladio the Ruffian (level 2, -2/21 HPs)
             Began as a Barachi Shapeshifter on Oct 25, 2023.
             Slain by a ball python (3 damage)
             ... on level 1 of the Dungeon.
             The game lasted 00:00:32 (259 turns).

Gladio the Ruffian (Barachi Shapeshifter)            Turns: 259, Time: 00:00:33

Health: -2/21      AC:  2    Str: 15    XL:     2   Next: 20%
Magic:  2/2        EV: 12    Int: 10    God:
Gold:   23         SH:  0    Dex: 11    Spells: 1/1 levels left

rFire   . .          .
                       - Unarmed
rCold   . . .        (no shield)
rNeg    . . .        a - +0 animal skin
rPois   .            (helmet currently unavailable)
rElec   .            (cloak currently unavailable)
rCorr   .            (gloves currently unavailable)
SInv    .            (boots currently unavailable)
Will    .....        (no amulet)
Stlth   +            (no ring)
HPRegen 0.23/turn    (no ring)
MPRegen 0.08/turn

%: no passive effects
@: beast-form, slow
A: beast (slay +1), amphibious, slowness 1, strong legs 1, +LOS
a: Hop, Begin Untransformation


You were on level 1 of the Dungeon.
You were a hulking beast.
You visited 1 branch of the dungeon, and saw 1 of its levels.

You collected 23 gold pieces.

Inventory:

Armour
 a - a +0 animal skin (worn)
Talismans
 c - a beast talisman
 d - a flux talisman
Scrolls
 e - a scroll of noise {unknown}
Potions
 b - a potion of lignification


   Skills:
 + Level 1.6 Fighting
 + Level 2.4 Dodging
 * Level 3.6 Unarmed Combat
 + Level 3.4 Shapeshifting


You had one spell level left.
You didn't know any spells.
Your spell library contained the following spells:

 Spells                   Type           Power      Damage    Failure   Level
 Scorch                   Fire           0%         2d5       50%         2
 Flame Wave               Conj/Fire      0%         2d4       98%         4
 Summon Cactus Giant      Summ           0%         N/A       100%        6


Dungeon Overview and Level Annotations

Branches:
Dungeon (1/15)

Altars:
Zin

Annotations:
D:1 1 runed translucent door


Innate Abilities, Weirdness & Mutations

You are a hulking beast.
Your limbs bulge with bestial killing power. (Slay +1)
You are amphibious.
You cover ground slowly.
You can hop short distances.
You have an extended range of vision and can be seen from far away.


Message History

The ball python closely misses you. The ball python constricts you.
You barely miss the ball python. The hobgoblin hits you.
The frilled lizard closely misses you.
A goblin comes into view. It is wielding a +0 club.
The ball python bites you. The ball python constricts you.
You closely miss the ball python. The hobgoblin hits you.
The frilled lizard closely misses you. The ball python barely misses you.
The ball python constricts you.
You are too injured to fight recklessly!
You are too injured to fight recklessly!
You are too injured to fight recklessly!
You are too injured to fight recklessly!
You are too injured to fight recklessly!
You are too injured to fight recklessly!
You are too injured to fight recklessly!
You are too injured to fight recklessly!
You are too injured to fight recklessly!
You are too injured to fight recklessly!
You are too injured to fight recklessly!
You are too injured to fight recklessly!
You are too injured to fight recklessly!
You are too injured to fight recklessly!
You are too injured to fight recklessly!
You are too injured to fight recklessly!
You are too injured to fight recklessly!
You are too injured to fight recklessly!
You are too injured to fight recklessly!
You are too injured to fight recklessly!
You escape the ball python's grasp.
You enter the shallow water.
The hobgoblin hits you.
* * * LOW HITPOINT WARNING * * *
The frilled lizard attacks as it pursues you!
The frilled lizard bites you.
* * * LOW HITPOINT WARNING * * *
Unknown command.
The ball python attacks as it pursues you!
The ball python bites you.
* * * LOW HITPOINT WARNING * * *
The ball python closely misses you. The ball python bites you.
You die...

### #.. # #.# .# #.#
####^# # #.# ###.~#.# #
#.# #...~..# #
####.######.~~...#####
# #.......†...~........
######.##.######hl†g..#
.......##.# #.S.g..#
#########.# #...##.#
### #.######.#.##.##
..## #..............g.
#..###
##############.##
.....# ##### .~~~.#
##....
...~.######...####


You could see a hobgoblin, a goblin, a ball python and a frilled lizard.

Vanquished Creatures
  2 ball pythons (D:1)
  2 bats (D:1)
  An endoplasm (D:1)
  A giant cockroach (D:1)
  A quokka (D:1)
  A frilled lizard (D:1)
  A goblin (D:1)
9 creatures vanquished.

Notes
Turn   | Place    | Note
-------+----------+-------------------------------------------
     0 | D:1      | Gladio the Barachi Shapeshifter began the quest for the
                  | Orb.
     0 | D:1      | Reached XP level 1. HP: 15/15 MP: 1/1
     1 | D:1      | Found a runed translucent door.
    44 | D:1      | Found a faded altar of an unknown god.
    50 | D:1      | Prayed at the altar of an unknown god.
   163 | D:1      | Reached XP level 2. HP: 13/21 MP: 2/2
   259 | D:1      | HP: 1/21 [ball python (2)]
   259 | D:1      | Slain by a ball python

Illustrated notes

Levels and vault maps discovered:
D:1:      dpeg_arrival_caged_fury, layout_loops_ring, serial_rivers,
          chequers_serial_rivers_large_a, chequers_serial_rivers_micro_c,
          chequers_serial_rivers_micro_c, chequers_serial_rivers_room_a,
          basic_ecumenical_altar, st_stairs_10, chequers_serial_rivers_room_a

Action                     || total
---------------------------++-------
  Melee: Unarmed           ||    33
         Punch             ||     1
 Armour: Animal skin       ||    27
  Dodge: Dodged            ||    38

Table legend: (Time is in decaauts)
 A = Elapsed time spent in this place.
 B = Non-inter-level travel time spent in this place.
 C = Inter-level travel time spent in this place.
 D = Time resting spent in this place.
 E = Time spent auto-exploring this place.
 F = Levels seen in this place.
 G = Mean time per level.
                   A        B        C        D        E       F      G
               +--------+--------+--------+--------+--------+-----+--------+
         Total |    292 |    292 |      0 |      0 |    222 |   1 |  292.0 |
       Dungeon |    292 |    292 |      0 |      0 |    222 |   1 |  292.0 |
               +--------+--------+--------+--------+--------+-----+--------+

Top non-repeatable levels by time:
     D:1: 292 daAuts
